Description

pig btgm 2023

Build Order

Get SALT Encoding   

  14  20:00  Probe  rally wall off
  16  20:01  Gateway  scout
  17  20:02  Assimilator  
  20  20:03  Nexus  
  20  20:04  Cybernetics Core (Chrono Boost)  Core finishes → 3 Stalker + Warpgate
  21  20:05  Assimilator  
  22  20:06  Pylon  @150 minerals, 100 gas → Robo, obs, imm
  33  20:07  Pylon  2 gates + pylon, 3 stalker
  33  20:08  Gateway  @15 workers on natural take 3rd/4th gas
  50  20:09  Robotics Facility  2nd Robo + Robo Bay
  50  20:10  Robotics Bay  Immortal production + extended thermal lance
  70  20:11  Twilight Council  Twilight Council + Forge charge, +1
  70  20:12  Gateway  5 gates
  70  20:13  Templar Archives  Production finished → Warp in zealots from now on
  70  20:14  Warp Prism  move out as it pops, archons on the front
Spawning Tool Build Advisor. Get it on Overwolf

Go to:

Details

  • Created by: snoweagle
  • Published on: Mar 30, 2026
  • Modified on: Mar 30, 2026
  • Patch: 5.0.11
  • Difficulty: Easy
Show
View Real Time Build Order
Export as new Build Order

Comments (0)

There are no comments. Be the first!

Create an account to comment!